 Dungeon Crawl Stone Soup version 0.17-a0-1650-gce8475a (webtiles) character file.

564 LilCorpsy the Sneak (level 7, 0/55 HPs)
             Began as a Naga Ice Elementalist on Aug 13, 2015.
             Was an Initiate of Vehumet.
             Succumbed to a worker ant's poison
             ... on level 5 of the Dungeon.
             The game lasted 00:29:49 (7918 turns).

LilCorpsy the Sneak (Naga Ice Elementalist)         Turns: 7918, Time: 00:29:49

Health: 0/55       AC:  4    Str: 10      XL:     7   Next: 32%
Magic:  14/14      EV: 10    Int: 16 (18) God:    Vehumet [......]
Gold:   225        SH:  0    Dex: 11      Spells: 3 memorised, 8 levels left

rFire  x . .     SeeInvis +     (no weapon)
rCold  + . .     Clarity  .     a - +1 robe
rNeg   . . .     SustAt   .     (no shield)
rPois  +         Gourm    .     (no helmet)
rElec  .         Spirit   .     (no cloak)
rCorr  .         Warding  .     (no gloves)
rMut   .         Stasis   .     (no barding)
MR     .....                    (no amulet)
Stlth  +++.......               (no ring)
                                k - ring of ice

@: lethally poisoned (0 -> -3), starving, very slow, not resistant to hostile
enchantments, fairly stealthy
A: see invisible, deformed body, poison resistance, slowness 2, slow metabolism
1, spit poison 2, AC +2
a: Spit Poison, Renounce Religion


You were on level 5 of the Dungeon.
You worshipped Vehumet.
Vehumet was noncommittal.
You were starving.

You visited 2 branches of the dungeon, and saw 6 of its levels.

You collected 225 gold pieces.

Inventory:

Armour
 a - a +1 robe (worn)
Jewellery
 k - a ring of ice (left hand)
Magical devices
 i - a wand of paralysis (0)
 l - a wand of digging (9)
Scrolls
 c - a scroll of identify
 d - a scroll of magic mapping
 g - 4 scrolls of remove curse
 h - a scroll of enchant weapon
Books
 b - a book of Frost

   Spells                             Type                      Level
   a - Freeze                         Ice                          1
   b - Throw Frost                    Conjuration/Ice              2
   c - Ozocubu's Armour               Charms/Ice                   3
   d - Throw Icicle                   Conjuration/Ice              4
   e - Summon Ice Beast               Ice/Summoning                4
   f - Condensation Shield            Ice                          4
Comestibles
 f - a bread ration


   Skills:
 - Level 1.5 Dodging
 + Level 5.9 Stealth
 * Level 4.8 Spellcasting
 - Level 1.0 Conjurations
 * Level 5.6 Ice Magic


You had 8 spell levels left.
You knew the following spells:

 Your Spells              Type           Power        Failure   Level  Hunger
a - Freeze                Ice            ####         1%          1    None
b - Throw Frost           Conj/Ice       ###...       8%          2    ##.....
c - Summon Ice Beast      Ice/Summ       ###.....     50%         4    ####...


Dungeon Overview and Level Annotations

Branches:
Dungeon (5/15)             Temple (1/1) D:4

Altars:
Ashenzari
Elyvilon
Fedhas
Gozag
Kikubaaqudgha
Makhleb
Nemelex Xobeh
Okawaru
Ru
Trog
Vehumet
Xom
Yredelemnul
Zin
The Shining One
Lugonu

Shops:
D:4 }


Innate Abilities, Weirdness & Mutations

You cannot wear boots.
Your serpentine skin is tough (AC +2).
You have supernaturally acute eyesight.
Armour fits poorly on your strangely shaped body.
Your system is resistant to poisons.
You cover ground very slowly.
You have a slow metabolism.
You can spit poison.


Message History

The worker ant poisons you!
Zapping:
i - a wand of paralysis {zapped: 6} (will waste charges)
Press: ? - help, Shift-Dir - straight line, f/p - worker ant
Aim: a worker ant (lightly wounded, chance to defeat MR: 54%)
The worker ant suddenly stops moving!
Evoking this partially-identified wand wasted a few charges.
* * * LOW HITPOINT WARNING * * *
You feel sick.
* * * LOW HITPOINT WARNING * * *
You feel sick.
You don't have the energy to cast that spell.
You don't have the energy to cast that spell.
You don't have the energy to cast that spell.
* * * LOW HITPOINT WARNING * * *
You feel sick.
* * * LOW HITPOINT WARNING * * *
You feel sick.
* * * LOW HITPOINT WARNING * * *
You feel sick.
You die...

.........# #.#'###
....####.# #.#.#
....# #.# #.#.#
....# #.# #.#.#
....# #.# #.#.#
....# #.# #.#.#
....# #.#
#.#.##########
##### #.#
#.#..........#####
#.#
#.#..@.....a......
########.#
#.#.########.#####
.........# #.#.#
#.# ##########
#.#.########.#
#.#..........#
#.##########.# #.#
#.# #.# #.# #.#
#.#


You could see a worker ant (paralysed).

Vanquished Creatures
  A centaur (D:5)
  An ogre (D:4)
  A giant frog (D:5)
  A crimson imp (D:3)
  An orc priest (D:3)
  2 hounds
  An iguana (D:5)
  7 adders
  An adder skeleton (D:5)
  3 worms
  7 giant geckos
  7 orcs
  2 ball pythons
  6 giant cockroaches
  6 goblins
  9 hobgoblins
  9 jackals
  2 quokkas
  11 bats
  8 kobolds
  13 rats
  A spectral orc (D:5)
100 creatures vanquished.

Vanquished Creatures (collateral kills)
  A centaur skeleton (D:5)
1 creature vanquished.

Grand Total: 101 creatures vanquished

Notes
Turn   | Place    | Note
--------------------------------------------------------------
     0 | D:1      | LilCorpsy the Naga Ice Elementalist began the quest for the Orb.
     0 | D:1      | Reached XP level 1. HP: 15/15 MP: 3/3
   500 | D:1      | Reached XP level 2. HP: 10/22 MP: 0/5
   986 | D:1      | HP: 1/33 [giant gecko (3)]
  1426 | D:1      | Reached XP level 3. HP: 25/28 MP: 3/6
  2058 | D:2      | Learned a level 2 spell: Throw Frost
  2063 | D:2      | Found a shattered altar of Ashenzari.
  2064 | D:2      | Found a white marble altar of Elyvilon.
  2065 | D:2      | Found a blossoming altar of Fedhas.
  2998 | D:2      | Reached XP level 4. HP: 36/36 MP: 4/8
  3225 | D:2      | Reached skill level 4 in Stealth
  3377 | D:2      | Found a bloodstained altar of Trog.
  3776 | D:3      | Found an opulent altar of Gozag.
  3809 | D:3      | Reached XP level 5. HP: 42/42 MP: 0/9
  4263 | D:3      | Gained mutation: Your spells are a little harder to cast, but a little more powerful. [potion of mutation]
  4263 | D:3      | Gained mutation: Your spells are harder to cast, but more powerful. [potion of mutation]
  4263 | D:3      | Gained mutation: Your muscles are strong. (Str +2) [potion of mutation]
  4603 | D:3      | Found a shimmering altar of Xom.
  4603 | D:3      | Found a shimmering altar of Xom.
  4604 | D:3      | Found a shimmering altar of Xom.
  4608 | D:3      | Found a shimmering altar of Xom.
  5201 | D:4      | Noticed an ogre
  5240 | D:4      | Lost mutation: Your muscles are strong. (Str +2) [potion of cure mutation]
  5240 | D:4      | Lost mutation: Your spells are harder to cast, but more powerful. [potion of cure mutation]
  5240 | D:4      | Lost mutation: Your spells are a little harder to cast, but a little more powerful. [potion of cure mutation]
  5245 | D:4      | HP: 2/42 [ogre/giant club (16)]
  5248 | D:4      | Killed an ogre
  5248 | D:4      | Reached skill level 5 in Stealth
  5248 | D:4      | Reached XP level 6. HP: 2/49 MP: 0/12
  5540 | D:4      | Found a staircase to the Ecumenical Temple.
  5545 | D:4      | Found a sacrificial altar of Ru.
  5552 | Temple   | Entered the Ecumenical Temple
  5558 | Temple   | Learned a level 4 spell: Summon Ice Beast
  5661 | Temple   | Became a worshipper of Vehumet
  5898 | D:4      | Reached skill level 5 in Ice Magic
  6206 | D:4      | Found Petist's Gadget Shop.
  6355 | D:5      | Entered Level 5 of the Dungeon
  6366 | D:5      | Found a basalt altar of Yredelemnul.
  6459 | D:5      | Reached XP level 7. HP: 19/55 MP: 4/13
  7916 | D:5      | HP: 2/55 [poisoned by a worker ant]
  7918 | D:5      | Succumbed to a worker ant's poison

Vault maps used:
D:1:      dpeg_arrival_boxes_within_box, minmay_unequal
D:2:      lemuel_coloured_pillars_altar, gammafunk_temple_overflow_forgotten
D:3:      old_standard_altar, xom_redecorated
D:4:      overflow_temple_1_default, minmay_temple_entry_statues_fountains,
          serial_shops, shop
D:5:      yredelemnul_forgotten_temple_becter,
          lightli_ossuary_entry_decrepit_ruins, first_bread
Temple:   corrupted_temple

Action                   |  1- 3 |  4- 6 |  7- 9 || total
-------------------------+-------+-------+-------++-------
Melee: Unarmed           |    16 |    76 |    60 ||   152
       Short sword       |     2 |       |       ||     2
 Cast: Freeze            |    56 |    31 |    14 ||   101
       Throw Frost       |    14 |    72 |    15 ||   101
       Summon Ice Beast  |       |       |     1 ||     1
 Abil: Spit Poison       |     3 |     6 |       ||     9
Evoke: Wand              |       |       |     3 ||     3
  Use: Potion            |     4 |     5 |     3 ||    12
       Scroll            |     5 |     1 |     1 ||     7
 Stab: Paralysed         |       |       |    14 ||    14
  Eat: Bread ration      |     1 |     1 |       ||     2
       Beef jerky        |     1 |       |       ||     1
       Chunk             |       |     7 |     3 ||    10
